 Dungeon Crawl Stone Soup version 0.17-a0-1403-g9df874c (webtiles) character file.

19922 Raurakos the Carver (level 13, -3/97 (98) HPs)
             Began as a Formicid Abyssal Knight on June 18, 2015.
             Was the Champion of Lugonu.
             Slain by an ice dragon (7 damage)
             ... on level 3 of the Lair of Beasts on June 20, 2015.
             The game lasted 01:14:06 (16703 turns).

Raurakos the Carver (Formicid Abyssal Knight)      Turns: 16703, Time: 01:14:09

HP:   -3/97 (98)    AC: 22    Str: 21    XL:     13   Next: 8%
MP:   17/17         EV:  8    Int: 12    God:    Lugonu [******]
Gold: 882           SH: 14    Dex: 14    Spells: 0 memorised, 12 levels left

rFire  x . .     SeeInvis +     a - +4 falchion (freeze)
rCold  + . .     Clarity  .     i - +0 plate armour
rNeg   + . .     SustAt   .     H - +2 shield {rN+}
rPois  .         Gourm    .     (helmet unavailable)
rElec  .         Spirit   .     l - +0 cloak
rCorr  .         Warding  .     J - +1 pair of gloves
rMut   .         Stasis   +     u - +2 pair of boots
MR     +....                    k - amulet of regeneration
Stlth  ..........               o - ring of ice
                                n - +3 ring of strength

@: starving, somewhat resistant to hostile enchantments, extremely unstealthy
A: permanent stasis, dig shafts and tunnels, four strong arms, antennae 3
a: Dig, Shaft Self, Depart the Abyss, Bend Space, Banish, Corrupt, Enter the
Abyss, Renounce Religion


You were on level 3 of the Lair of Beasts.
You worshipped Lugonu.
Lugonu was exalted by your worship.
You were starving.

You visited 3 branches of the dungeon, and saw 15 of its levels.
You visited the Abyss 1 time.
You also visited: Labyrinth.

You collected 882 gold pieces.

Inventory:

Hand weapons
 a - a +4 falchion of freezing (weapon)
 b - a +2 falchion of holy wrath
Missiles
 h - 52 stones (quivered)
Armour
 i - a +0 plate armour (worn)
 l - a +0 cloak (worn)
 u - a +2 pair of boots (worn)
 H - a +2 shield of positive energy (worn)
 J - a +1 pair of gloves (worn)
Rods
 v - a +7 rod of the swarm (14/14)
   (You found it in a labyrinth)
Jewellery
 f - an uncursed amulet of warding
 g - an uncursed ring of flight
 k - an amulet of regeneration (around neck)
 n - a +3 ring of strength (left hand)
 o - a ring of ice (right hand)
 z - an uncursed ring of protection from fire
 W - an uncursed ring of protection from fire
Magical devices
 s - a wand of draining (2)
 A - a wand of teleportation (2)
 G - a wand of lightning (5)
 O - a wand of fire (7)
Scrolls
 m - 6 scrolls of remove curse
 p - a scroll of recharging
 y - a scroll of fear
Potions
 d - 4 potions of lignification
 e - a potion of ambrosia
 w - 2 potions of curing
 B - a potion of brilliance
 P - 3 potions of heal wounds
 R - 3 potions of invisibility
 S - a potion of mutation
 X - a potion of berserk rage {unknown}
Books
 r - a Fen Folio

   Spells                             Type                      Level
   a - Corpse Rot                     Necromancy                   2
   b - Stone Arrow                    Conjuration/Earth            3
   c - Leda's Liquefaction            Hexes/Earth                  4
   d - Summon Forest                  Summoning/Translocation      5
   e - Hydra Form                     Transmutation                6
   f - Summon Hydra                   Summoning                    7
 t - a book of the Sky

   Spells                             Type                      Level
   a - Summon Lightning Spire         Summoning/Air                4
   b - Airstrike                      Air                          4
   c - Silence                        Hexes/Air                    5
   d - Deflect Missiles               Charms/Air                   6
   e - Conjure Ball Lightning         Conjuration/Air              6
   f - Tornado                        Air                          9
Miscellaneous
 V - a box of beasts
Comestibles
 c - 12 bread rations
 j - 2 meat rations
 q - a slice of pizza


   Skills:
 + Level 8.0 Fighting
 - Level 14.0 Long Blades
 - Level 10.2 Armour
 - Level 4.1 Dodging
 - Level 9.1 Shields
 - Level 6.1 Invocations


You had 12 spell levels left.
You didn't know any spells.

Dungeon Overview and Level Annotations

Branches:
Dungeon (10/15)            Temple (1/1) D:6            Lair (4/8) D:10
  Swamp: Lair:3-6    Shoals: Lair:3-6     Snake: Lair:3-6    Spider: Lair:3-6
    Orc: D:9-12

Altars:
Ashenzari
Cheibriados
Dithmenos
Elyvilon
Fedhas
Gozag
Kikubaaqudgha
Makhleb
Nemelex Xobeh
Okawaru
Qazlal
Ru
Sif Muna
Trog
Vehumet
Xom
Yredelemnul
Zin
The Shining One

Annotations:
Lair:3 exclusion: ice statue
Lair:4 Snorg


Innate Abilities, Weirdness & Mutations

You are under a permanent stasis effect.
You can dig through walls and to a lower floor.
Your four strong arms can wield two-handed weapons with a shield.
You have a pair of large antennae on your head (SInv).


Message History

The ice dragon is almost dead.
The ice dragon bites you.
* * * LOW HITPOINT WARNING * * *
The ice dragon claws you but does no damage.
The ice dragon tramples you but does no damage.
You closely miss the ice dragon.
The ice dragon is almost dead.
You closely miss the ice dragon.
The ice dragon is almost dead.
The ice dragon bites you.
* * * LOW HITPOINT WARNING * * *
The ice dragon claws you but does no damage.
The ice dragon tramples you but does no damage.
You hit the ice dragon but do no damage.
The ice dragon is almost dead.
The ice dragon bites you!
* * * LOW HITPOINT WARNING * * *
The ice dragon claws you but does no damage.
The ice dragon tramples you!
You die...

##.....P##.....#.....##...###..
###.#...P..##..........##...##...
#.####....#.....#......#....##...
...####...###....P..........##...
....####...#................##...
.....# #....#....................
#....###........{...............P
.#....##.......##D........#......
###.........#.##@#.....##.##.....
###P........######.....#######...
.####...##### #......# ####
..#....## ##.....# # ......##
##.....# .....## #......# #...##
##.....## #...# ##.....P### #...#
### ##......##P##


You could see an ice dragon.

Vanquished Creatures
  A minotaur (Lab)
  2 unseen horrors (Lab)
  A centaur zombie (D:9)
  A gargoyle (Lab)
  A black mamba (Lair:4)
  2 spiny frogs
  2 fire drakes
  4 komodo dragons
  A troll (D:8)
  A polar bear (Lair:3)
  8 blink frogs
  A trapdoor spider (Lab)
  A deep elf mage (D:10)
  A wyvern (D:8)
  6 basilisks
  8 hungry ghosts
  10 yaks
  3 hippogriffs
  13 ice beasts
  3 orc warriors
  4 sky beasts
  2 black bears
  6 ogres
  A spider (D:8)
  A necrophage (D:5)
  8 porcupines
  2 crocodiles
  4 phantoms
  8 water moccasins
  5 centaurs
  3 wasps
  A brain worm (D:8)
  2 big kobolds
  9 giant frogs
  A wyvern zombie (D:8)
  An earth elemental (Lab)
  A water moccasin skeleton (D:6)
  2 scorpions
  8 wights
  3 orc priests
  6 crimson imps
  A quasit (D:8)
  4 hounds
  A giant frog zombie (D:6)
  Ijyb (D:3)
  A giant frog skeleton (D:4)
  4 iguanas
  6 orc wizards
  Natasha (thrice) (D:2)
  7 worker ants
  8 sheep (Lair:2)
  A worker ant zombie (D:9)
  Robin (D:3)
  2 hound skeletons (D:10)
  11 gnolls
  7 adders
  13 river rats
  4 shadow imps
  4 white imps (Lair:3)
  An ooze (D:7)
  6 worms
  7 giant geckos
  31 orcs
  3 ball pythons
  22 bats
  5 giant cockroaches
  24 goblins
  19 hobgoblins
  28 kobolds
  A quokka (D:4)
  6 giant newts
  13 jackals
  3 quokka skeletons
  19 rats
415 creatures vanquished.

Vanquished Creatures (others)
  A hill giant (D:8)
  An orc warrior (D:7)
2 creatures vanquished.

Grand Total: 417 creatures vanquished

Notes
Turn   | Place    | Note
--------------------------------------------------------------
     0 | Abyss:1  | Raurakos the Formicid Abyssal Knight began the quest for the Orb.
     0 | Abyss:1  | Reached XP level 1. HP: 18/18 MP: 2/2
    55 | D:1      | Escaped the Abyss
    90 | D:1      | Acquired Lugonu's first power
   101 | D:1      | Reached XP level 2. HP: 13/24 MP: 3/3
   587 | D:1      | Reached XP level 3. HP: 24/29 MP: 4/4
   738 | D:1      | Found a shattered altar of Ashenzari.
  1210 | D:1      | Acquired Lugonu's second power
  1336 | D:2      | Reached skill level 4 in Long Blades
  1336 | D:2      | Reached XP level 4. HP: 32/35 MP: 5/5
  1820 | D:3      | Noticed Natasha
  1831 | D:2      | Killed Natasha
  1831 | D:2      | Reached XP level 5. HP: 30/41 MP: 6/6
  1883 | D:2      | Noticed Natasha
  1887 | D:2      | Killed Natasha
  1948 | D:2      | Noticed Natasha
  1951 | D:2      | Killed Natasha
  2020 | D:3      | Reached skill level 5 in Long Blades
  2131 | D:3      | Noticed Robin
  2141 | D:3      | Killed Robin
  2142 | D:3      | Acquired Lugonu's third power
  2410 | D:3      | Noticed Ijyb
  2425 | D:3      | Killed Ijyb
  2425 | D:3      | Reached skill level 6 in Long Blades
  2425 | D:3      | Reached XP level 6. HP: 44/47 MP: 7/7
  3285 | D:4      | You fall through a shaft for 3 floors!
  3321 | D:7      | Noticed an orc warrior
  3365 | D:7      | Reached skill level 7 in Long Blades
  3365 | D:7      | Reached XP level 7. HP: 48/52 MP: 8/8
  3381 | D:7      | Killed an orc warrior
  3640 | D:7      | Noticed an ice beast
  3678 | D:7      | Killed an ice beast
  3866 | D:7      | Reached skill level 8 in Long Blades
  4223 | D:6      | Reached XP level 8. HP: 35/58 MP: 9/9
  4293 | D:6      | Acquired Lugonu's fourth power
  4342 | D:6      | Reached skill level 5 in Armour
  4425 | D:5      | Entered Level 5 of the Dungeon
  4586 | D:5      | Found a deep blue altar of Sif Muna.
  4586 | D:5      | Found a shattered altar of Ashenzari.
  5326 | D:4      | Reached skill level 5 in Fighting
  5336 | D:4      | Reached skill level 1 in Dodging
  5485 | D:4      | Reached XP level 9. HP: 65/68 MP: 10/10
  5519 | D:4      | Found an iron altar of Okawaru.
  5524 | D:4      | Found a bloodstained altar of Trog.
  5526 | D:4      | Found a glowing silver altar of Zin.
  6142 | D:5      | Reached skill level 9 in Long Blades
  6326 | D:6      | Found a staircase to the Ecumenical Temple.
  6333 | Temple   | Entered the Ecumenical Temple
  7436 | D:6      | Reached skill level 5 in Invocations
  7838 | D:7      | Acquired Lugonu's fifth power
  7843 | D:7      | Noticed an orc warrior
  7858 | D:7      | Banished an orc warrior
  7870 | D:7      | Reached XP level 10. HP: 42/73 MP: 10/14
  7956 | D:7      | Noticed a hippogriff
  7970 | D:7      | Killed a hippogriff
  7994 | D:7      | Noticed a hungry ghost
  8032 | D:7      | Killed a hungry ghost
  8259 | D:7      | Noticed a hungry ghost
  8268 | D:7      | Killed a hungry ghost
  8268 | D:7      | Reached skill level 10 in Long Blades
  8613 | D:8      | Got a translucent dagger
  8684 | D:8      | Identified the +8 dagger "Wuesogg" {pain, rElec rPois MR+} (You found it on level 8 of the Dungeon)
  8866 | D:8      | Reached skill level 11 in Long Blades
  8872 | D:8      | Noticed a hill giant
  8874 | D:8      | Banished a hill giant
  9155 | D:8      | Reached skill level 12 in Long Blades
  9700 | D:8      | Reached XP level 11. HP: 70/78 MP: 15/15
 10386 | D:8      | Reached skill level 13 in Long Blades
 11152 | D:10     | Entered Level 10 of the Dungeon
 11473 | D:10     | Found an opulent altar of Gozag.
 11545 | D:10     | Reached skill level 14 in Long Blades
 11912 | D:10     | Found a staircase to the Lair.
 11976 | Lair:1   | Entered Level 1 of the Lair of Beasts
 12078 | Lair:1   | Found a labyrinth entrance.
 12125 | Lab      | Entered a labyrinth
 12530 | Lab      | Noticed an unseen horror
 12544 | Lab      | Noticed an unseen horror
 12559 | Lab      | Killed an unseen horror
 12568 | Lab      | Upgraded the game from 0.17-a0-1399-gd5b76e1 to 0.17-a0-1403-g9df874c
 12579 | Lab      | Killed an unseen horror
 12579 | Lab      | Reached XP level 12. HP: 76/85 MP: 16/16
 13297 | Lab      | Noticed a minotaur
 13303 | Lab      | Killed a minotaur
 13303 | Lab      | Reached skill level 10 in Armour
 13310 | Lab      | Identified the Incunabulum of Helpful Confrontation
 13330 | Lair:1   | Identified a +7 rod of the swarm (14/14) (You found it in a labyrinth)
 14556 | Lair:2   | Reached skill level 5 in Shields
 14941 | Lair:3   | Noticed an ice dragon
 15981 | Lair:3   | Reached XP level 13. HP: 95/95 MP: 17/17
 16603 | Lair:4   | Noticed Snorg
 16703 | Lair:3   | HP: 4/97 [ice dragon (7)]
 16703 | Lair:3   | Slain by an ice dragon

Vault maps used:
D:1:      minmay_arrival_stair_chambers, evilmike_ruin_ashenzari
D:2:      nicolae_underground_beach
D:3:      uniq_iyjb, uniq_robin, uniq_natasha
D:4:      lemuel_upstairs_altar, minitemple
D:5:      lemuel_ice_spiral_2, gammafunk_temple_overflow_elements, first_bread,
          kennysheep_dice
D:6:      nicolae_whirlpool
D:8:      hangedman_pestilent_swarm
D:9:      hangedman_decor_slide_cut
D:10:     lair_0_dummy, nicolae_gozag_cash_rules_everything_around_me
Temple:   minmay_temple_curvy_14
Lair:1:   lab_entry_generic
Lair:2:   serial_forest, infiniplex_forest_clump_double,
          infiniplex_forest_clump_tiny, infiniplex_forest_clump_C,
          infiniplex_forest_straight_3, infiniplex_forest_clump_curved,
          infiniplex_forest_clump_small, bh_autumn_forest_stairs
Lair:3:   nicolae_quartered_pool_little, ice2_lemuel
Lair:4:   uniq_rupert, uniq_snorg
Lab:      nicolae_lab_grate, nicolae_lab_plus, nicolae_lab_quarters,
          labyrinth_skeletal_remains, nicolae_lab_dead_end, nicolae_lab_arrow,
          labyrinth_fake_exit, nicolae_lab_diamond

Action                   |  1- 3 |  4- 6 |  7- 9 | 10-12 | 13-15 || total
-------------------------+-------+-------+-------+-------+-------++-------
Melee: Falchion          |   143 |    28 |       |  1109 |    77 ||  1357
       Long sword        |       |   183 |   599 |    93 |       ||   875
       Scimitar          |       |       |       |    32 |       ||    32
       Great sword       |       |       |       |    21 |       ||    21
Throw: Stone             |       |       |       |     5 |       ||     5
Invok: Depart the Abyss  |     1 |       |       |       |       ||     1
       Banish            |       |       |     1 |     2 |       ||     3
       Bend Space        |       |       |       |     1 |       ||     1
 Abil: Dig               |       |       |       |     1 |     1 ||     2
Evoke: Wand              |       |       |       |     2 |       ||     2
       Rod               |       |       |       |       |     3 ||     3
  Use: Scroll            |       |       |     6 |    21 |     1 ||    28
       Potion            |       |       |       |     3 |       ||     3
  Eat: Chunk             |     2 |     6 |    16 |    29 |       ||    53
       Fruit             |       |       |       |     3 |       ||     3
       Bread ration      |       |       |       |     1 |       ||     1
       Pizza             |       |       |       |       |     1 ||     1
